AoeStats
← polloasadom

Golden Pit

510148293Analyzed
1v1 RM · 3d ago on Sep 29, 2026· 36m 40s· 2 players
Game mode
Random Map
Map size
Tiny (2 player)
Population
200
Speed
Normal
Resources
Standard
Victory
Conquest
Starting age
Dark Age
Ending age
Imperial Age
RankedLock teamsTeams togetherTeam positionsShared explorationLock speedFull tech treeHidden civsTurbo modeCheats
Victory
Defeat
🇨🇱 Mongols · Chile
1036
+15
🇦🇷 Ethiopians · Argentina
1018
-15
polloasadom
7:44 Loom
10:50 Feudal Age
13:22 Double-Bit Axe
16:05 Fletching
21:49 Castle Age
21:04 Padded Archer Armor
20:55 Horse Collar
21:08 Gold Mining
22:17 Crossbowman
23:46 Bodkin Arrow
27:46 Stone Mining
29:16 Leather Archer Armor
30:37 Ballistics
LD$ Tio Bob
4:58 Loom
7:15 Feudal Age
8:50 Double-Bit Axe
11:14 Horse Collar
16:30 Wheelbarrow
19:58 Castle Age
19:22 Fletching
19:33 Padded Archer Armor
20:43 Bodkin Arrow
21:00 Bow Saw
20:55 Heavy Plow
22:21 Husbandry
29:08 Bloodlines
29:33 Town Watch
31:51 Hand Cart
35:51 Imperial Age
Connection lost

Rejoining the realm…

Still unreachable

The connection could not be restored.

Session expired

The server has moved on; the page needs a fresh start.